 Dungeon Crawl Stone Soup version 0.29.0-11-gd7f09526c8 (webtiles) character file.

Game seed: 8476471309452516894

903 Shayle the Sneak (level 8, -1/48 HPs)
             Began as a Tengu Brigand on Sept 5, 2022.
             Succumbed to a water moccasin's poison
             ... on level 6 of the Dungeon on Sept 6, 2022.
             The game lasted 00:17:09 (6584 turns).

Shayle the Sneak (Tengu Brigand)                    Turns: 6584, Time: 00:17:10

Health: -1/48      AC:  3    Str: 11    XL:     8   Next: 7%
Magic:  12/12      EV: 16    Int: 20    God:
Gold:   243        SH:  0    Dex: 16    Spells: 3/11 levels left

rFire   . . .      SeeInvis .   j - +2 dagger (venom)
rCold   . . .      Faith    .   (no shield)
rNeg    . . .      Spirit   .   b - +0 robe
rPois   .          Reflect  .   (helmet restricted)
rElec   .          Harm     .   c - +0 cloak
rCorr   .          Rampage  .   (no gloves)
Will    .....                   (boots unavailable)
Stlth   +++.......              f - amulet of the acrobat
HPRegen 0.16/turn               v - +6 ring of intelligence
MPRegen 0.13/turn               (no ring)

@: lethally poisoned (-1 -> -26), flying quickly and evasively, quick
A: beak, talons 3, nimble flight
a: no special abilities


You were on level 6 of the Dungeon.
You visited 1 branch of the dungeon, and saw 6 of its levels.
You also visited: Sewer.

You collected 332 gold pieces.
You spent 89 gold pieces at shops.

Inventory:

Hand Weapons
 a - a +3 dagger
 j - a +2 dagger of venom (weapon)
Missiles
 d - 14 poisoned darts
 e - 3 curare-tipped darts (quivered)
Armour
 b - a +0 robe (worn)
 c - a +0 cloak (worn)
 y - the +1 leather armour "Ypemoo Xoid" {Drain rElec Str+5}
   (You found it on level 4 of the Dungeon)

   Str:       It affects your strength (+5).
   rElec:     It insulates you from electricity.
   Drain:     It drains your maximum health when unequipped.
 C - the +1 ring mail of Siuz {Will+ Str+4}
   (You found it on level 4 of the Dungeon)

   Str:       It affects your strength (+4).
   Will:      It increases your willpower.
Jewellery
 f - an amulet of the acrobat (around neck)
 g - an amulet of guardian spirit
 v - a +6 ring of intelligence (left hand)
Wands
 m - a wand of quicksilver (3)
 r - a wand of iceblast (5)
Scrolls
 h - 2 scrolls of teleportation
 i - a scroll of amnesia {unknown}
 o - a scroll of vulnerability {unknown}
 q - a scroll of fog {unknown}
 s - a scroll of noise {unknown}
 t - 2 scrolls of blinking
 B - 2 scrolls of enchant weapon
 D - a scroll of identify
 E - a scroll of torment {unknown}
Potions
 k - 2 potions of brilliance
 n - 3 potions of magic
 p - a potion of curing
 u - a potion of degeneration {unknown}
 w - 2 potions of invisibility
 x - a potion of berserk rage {unknown}
 z - 2 potions of lignification {unknown}
 A - a potion of might {unknown}


   Skills:
 + Level 4.3 Fighting
 - Level 3.6 Short Blades
 - Level 3.2 Throwing
 + Level 4.2 Dodging
 - Level 5.0 Stealth
 + Level 2.1 Spellcasting
 + Level 3.3 Conjurations
 + Level 2.7 Fire Magic
 + Level 1.3 Air Magic
 + Level 0.8 Poison Magic


You had 3 spell levels left.
You knew the following spells:

 Your Spells              Type           Power      Damage    Failure   Level
a - Fireball              Conj/Fire      7%         3d5       77%         5
b - Mephitic Cloud        Conj/Pois/Air  9%         N/A       22%         3

Your spell library contained the following spells:

 Spells                   Type           Power      Damage    Failure   Level
 Magic Dart               Conj           60%        1d6       4%          1
 Sandblast                Erth           4%         2d4       16%         1
 Slow                     Hex            8%         N/A       16%         1
 Summon Small Mammal      Summ           8%         N/A       16%         1
 Blink                    Tloc           4%         N/A       24%         2
 Call Imp                 Summ           2%         N/A       24%         2
 Passwall                 Tmut/Erth      1%         N/A       24%         2
 Stone Arrow              Conj/Erth      16%        3d8       24%         3
 Call Canine Familiar     Summ           2%         N/A       43%         3
 Confusing Touch          Hex            2%         N/A       43%         3
 Gell's Gravitas          Tloc           2%         N/A       43%         3
 Lesser Beckoning         Tloc           2%         N/A       43%         3
 Summon Guardian Golem    Hex/Summ       2%         N/A       43%         3
 Teleport Other           Tloc           2%         N/A       43%         3
 Vampiric Draining        Necr           2%         2d6       43%         3
 Petrify                  Tmut/Erth      2%         N/A       83%         4
 Manifold Assault         Tloc           2%         N/A       99%         5
 Metabolic Englaciation   Hex/Ice        1%         N/A       99%         5
 Dispersal                Tloc           1%         N/A       100%        6
 Starburst                Conj/Fire      7%         6d4       100%        6
 Statue Form              Tmut/Erth      1%         N/A       100%        6
 Ignition                 Fire           6%         3d4       100%        8


Dungeon Overview and Level Annotations

Branches:
Dungeon (6/15)              Sewer (visited)
 Temple: D:4-7

Altars:
Fedhas
Gozag
Kikubaaqudgha
Sif Muna

Shops:
D:4 *   D:5 (

Annotations:
D:4 1 runed translucent door, LustLizard's ghost, amateur TrFi


Innate Abilities, Weirdness & Mutations

You have a beak for a mouth.
You have claws for feet.
Your magical nature lets you fly swiftly and evasively.


Message History

You feel sick. The water moccasin closely misses you.
You hit the water moccasin.
You claw the water moccasin, but do no damage.
The water moccasin is heavily wounded.
You feel sick. The water moccasin misses you.
You miss the water moccasin. Your peck misses the water moccasin.
The water moccasin is heavily wounded.
You feel sick. The water moccasin bites you.
You are more poisoned.
The water moccasin poisons you!
You barely miss the water moccasin. Your kick misses the water moccasin.
The water moccasin is heavily wounded.
You feel very sick. The water moccasin closely misses you.
You barely miss the water moccasin. Your kick misses the water moccasin.
You peck the water moccasin.
The water moccasin is heavily wounded.
You feel very sick. The water moccasin closely misses you.
The water moccasin misses you.
You closely miss the water moccasin. You claw the water moccasin.
The water moccasin is heavily wounded.
You feel sick. The water moccasin bites you.
You are more poisoned.
The water moccasin poisons you!
You closely miss the water moccasin. Your peck misses the water moccasin.
The water moccasin is heavily wounded.
You feel very sick. The water moccasin bites you!
You are more poisoned.
The water moccasin poisons you!
You hit the water moccasin. Your kick misses the water moccasin.
The water moccasin is severely wounded.
* * * LOW HITPOINT WARNING * * *
You feel very sick. The water moccasin bites you!
* * * LOW HITPOINT WARNING * * *
You miss the water moccasin. Your kick misses the water moccasin.
Your peck misses the water moccasin.
The water moccasin is severely wounded.
You die...

#<#...#
#.#...#
#.#...#
#.#.$. #.#..#
# #.#..#
#.#.#..#
#......#####.
+....@S......
#.###########
+. #. #


You could see a water moccasin.

Vanquished Creatures
  A black bear (D:5)
  An ogre (D:4)
  2 bullfrogs (Sewer)
  A howler monkey (D:4)
  3 hounds
  2 orc priests (D:5)
  Jessica (D:2)
  An iguana (D:5)
  4 orc wizards
  11 adders
  A white imp (D:5)
  An ufetubus (D:4)
  3 dart slugs (D:4)
  14 orcs
  12 ball pythons
  4 bats
  18 endoplasms
  10 giant cockroaches
  7 goblins
  3 hobgoblins
  16 jackals
  14 quokkas
  8 frilled lizards
  6 kobolds
  5 rats
149 creatures vanquished.

Notes
Turn   | Place    | Note
-------+----------+-------------------------------------------
     0 | D:1      | Shayle the Tengu Brigand began the quest for the Orb.
     0 | D:1      | Reached XP level 1. HP: 12/12 MP: 2/2
   240 | D:1      | Reached XP level 2. HP: 17/17 MP: 3/3
   603 | D:1      | Found a faded altar of an unknown god.
   988 | D:2      | Reached XP level 3. HP: 16/21 MP: 4/4
  1314 | D:2      | Noticed Jessica
  1318 | D:2      | Killed Jessica
  1970 | D:3      | Reached XP level 4. HP: 27/27 MP: 5/5
  2082 | D:3      | Found a glowing drain.
  2109 | Sewer    | Entered a sewer
  2671 | Sewer    | Gained mutation: Your magical nature lets you fly swiftly
                  | and evasively. [Tengu growth]
  2671 | Sewer    | Reached XP level 5. HP: 27/32 MP: 6/6
  3097 | Sewer    | Reached XP level 6. HP: 25/37 MP: 7/7
  3117 | Sewer    | Reached skill level 5 in Stealth
  3142 | Sewer    | Learned a level 5 spell: Fireball
  3486 | D:3      | Found an opulent altar of Gozag.
  4123 | D:4      | Identified the +1 leather armour "Ypemoo Xoid" {Drain rElec
                  | Str+5}
  4151 | D:4      | Reached skill level 1 in Conjurations
  4162 | D:4      | Found an ancient bone altar of Kikubaaqudgha.
  4163 | D:4      | Found a blossoming altar of Fedhas.
  4212 | D:4      | Found Ugruog's Assorted Antiques.
  4217 | D:4      | Bought a yellow potion for 20 gold pieces
  4217 | D:4      | Bought 3 scrolls labelled WALEFRAUTH for 69 gold pieces
  4291 | D:4      | Reached skill level 1 in Fire Magic
  4335 | D:4      | Identified the +1 ring mail of Siuz {Will+ Str+4}
  4638 | D:4      | Reached skill level 1 in Spellcasting
  4638 | D:4      | Reached XP level 7. HP: 42/42 MP: 9/9
  4641 | D:4      | Noticed LustLizard's ghost (amateur TrFi)
  4644 | D:4      | Found a runed translucent door.
  5118 | D:5      | Entered Level 5 of the Dungeon
  5497 | D:5      | Found Oteck's Weapon Shoppe.
  5645 | D:5      | HP: 2/43 [orc/+0 club (2)]
  5956 | D:5      | Learned a level 3 spell: Mephitic Cloud
  6237 | D:5      | Reached skill level 1 in Air Magic
  6237 | D:5      | Reached XP level 8. HP: 48/48 MP: 12/12
  6413 | D:5      | Found a shimmering blue altar of Sif Muna.
  6584 | D:6      | Succumbed to a water moccasin's poison

Illustrated notes

Levels and vault maps discovered:
D:1:      elethiomel_arrival_shortcut, layout_basic,
          dreamdust_ecumenical_altar_angels_and_demons
D:2:      layout_basic, roderic_roman_lattice, uniq_jessica
D:3:      layout_loops_corners, nicolae_gozag_seed_capital,
          gup_sewer_entry_pipe, minmay_misc_feat_four_crosses
D:4:      layout_gridville, grunt_temple_overflow_growth_and_decay,
          serial_shops, nicolae_shop_hallway_plus,
          hellmonk_ghost_happy_afterlife, minmay_misc_feat_encased, fountainhead
D:5:      layout_cave_pools, led_sif_book, serial_shops,
          nicolae_shop_bloodbath_and_beyond, nicolae_fountain_basement
D:6:      layout_basic, lemuel_crystal_altar, minmay_temple_entry_antechambers

Skill      XL: |  1  2  3  4  5  6  7 |
---------------+----------------------+-----
Dodging        | 2 3 4 |  4.2
Short Blades   | 3 |  3.6
Fighting       | 3 4 |  4.3
Throwing       | 3 |  3.2
Stealth        | 5 |  5.0
Conjurations   | 1 3 |  3.3
Fire Magic     | 1 2 |  2.7
Spellcasting   | 1 2 |  2.1
Air Magic      | 1 |  1.3
Poison Magic   | |  0.8

Action                   |  1- 3 |  4- 6 |  7- 9 || total
-------------------------+-------+-------+-------++-------
Melee: Dagger            |    62 |   220 |   106 ||   388
       Kick              |    13 |    40 |    35 ||    88
       Peck              |     3 |    25 |    16 ||    44
       Punch             |     1 |     1 |     3 ||     5
Throw: Dart              |       |     2 |       ||     2
Evoke: Wand              |       |     4 |       ||     4
  Use: Scroll            |       |     7 |       ||     7
       Potion            |       |       |     3 ||     3
 Stab: Sleeping          |    12 |    13 |       ||    25
Armor: Robe              |     5 |    33 |    15 ||    53
Dodge: Dodged            |    29 |   171 |   137 ||   337
